 Dungeon Crawl Stone Soup version 0.23.2-1-ga50397a6bc (webtiles) character file.

Game seed: 4396429057453067150

240 MachJacob the Shield-Bearer (level 6, -4/39 HPs)
             Began as a Gargoyle Fighter on Apr 18, 2019.
             Slain by Grinder (5 damage)
             ... on level 3 of the Dungeon.
             The game lasted 00:14:33 (2493 turns).

MachJacob the Shield-Bearer (Gargoyle Fighter)      Turns: 2493, Time: 00:14:34

Health: -4/39      AC: 11    Str: 21    XL:     6   Next: 8%
Magic:  6/6        EV:  7    Int:  8    God:
Gold:   92         SH:  9    Dex: 10    Spells: 5/5 levels left

rFire    . . .     SeeInvis .   a - +0 flail
rCold    . . .     Gourm    .   c - +0 shield
rNeg     + . .     Faith    .   b - +0 scale mail
rPois    ∞         Spirit   .   (no helmet)
rElec    +         Reflect  .   (no cloak)
rCorr    .         Harm     .   (no gloves)
MR       .....                  (no boots)
Stlth    ..........             (no amulet)
HPRegen  0.13/turn              (no ring)
MPRegen  0.10/turn              (no ring)

@: no status effects
A: negative energy resistance 1, electricity resistance, unbreathing,
petrification resistance, rot immunity, AC +4
a: no special abilities


You were on level 3 of the Dungeon.
You were not hungry.

You visited 1 branch of the dungeon, and saw 3 of its levels.

You collected 92 gold pieces.

Inventory:

Hand Weapons
 a - a +0 flail (weapon)
Armour
 b - a +0 scale mail (worn)
 c - a +0 shield (worn)
Jewellery
 g - a +4 ring of dexterity
Scrolls
 e - 3 scrolls of identify {unknown}
 h - a scroll of noise {unknown}
 j - a scroll of magic mapping {unknown}
 k - a scroll of immolation {unknown}
 l - a scroll of remove curse {unknown}
 m - a scroll of teleportation {unknown}
 n - a scroll of random uselessness {unknown}
 p - a scroll of enchant armour {unknown}
Potions
 d - 3 potions of might
 o - a potion of degeneration {unknown}
Comestibles
 f - 7 rations
 i - a chunk of flesh


   Skills:
 + Level 4.3 Fighting
 * Level 4.0 Maces & Flails
 + Level 4.3 Armour
 + Level 4.4 Shields


You had 5 spell levels left.
You didn't know any spells.
Your spell library was empty.

Dungeon Overview and Level Annotations

Branches:
Dungeon (3/15)

Altars:
Ashenzari
Fedhas
Kikubaaqudgha
Uskayaw

Annotations:
D:3 Grinder


Innate Abilities, Weirdness & Mutations

You are resistant to torment.
Your stone body is resilient. (AC +4)
You are immune to poison.
You resist negative energy. (rN+)
You are resistant to electric shocks. (rElec)
You can survive without breathing.
You are immune to petrification.
You are immune to rotting.


Message History

Grinder is severely wounded.
Grinder gestures at you. Pain shoots through your body!
* * * LOW HITPOINT WARNING * * *
Grinder barely misses you.
You barely miss Grinder.
Grinder is severely wounded.
Grinder gestures at you. Pain shoots through your body!
* * * LOW HITPOINT WARNING * * *
You closely miss Grinder.
Grinder is severely wounded.
You block Grinder's attack.
You closely miss Grinder.
Grinder is severely wounded.
Grinder hits you but does no damage.
Your shield and scale mail prevent you from hitting Grinder.
Grinder is severely wounded.
Grinder hits you.
You die...

#'..................#
.###.
.'..................#
##..........###########
#..........##........#
#..........##........#
#############........#
#........# #.5......#
#..@.....# #........#
#........#
#........#####
#............####
#...............#
######
##..........<5..#
.....# #..............#
.....# ##.###...%.....#


You could see Grinder.

Vanquished Creatures
  A hound (D:2)
  Robin (D:2)
  6 adders
  4 gnolls (D:2)
  An ooze (D:2)
  A worm (D:2)
  2 dart slugs (D:1)
  A leopard gecko (D:2)
  2 orcs
  5 bats
  2 giant cockroaches (D:1)
  20 goblins
  11 hobgoblins
  4 jackals (D:1)
  19 kobolds
  3 quokkas (D:2)
  A ball python (D:3)
  4 frilled lizards
  8 rats
96 creatures vanquished.

Vanquished Creatures (others)
  A plant (D:1)
1 creature vanquished.

Grand Total: 97 creatures vanquished

Notes
Turn   | Place    | Note
-------+----------+-------------------------------------------
     0 | D:1      | MachJacob the Gargoyle Fighter began the quest for the Orb.
     0 | D:1      | Reached XP level 1. HP: 14/14 MP: 1/1
    60 | D:1      | Reached XP level 2. HP: 13/19 MP: 2/2
   338 | D:1      | Reached XP level 3. HP: 23/23 MP: 3/3
  1174 | D:2      | Reached XP level 4. HP: 29/29 MP: 4/4
  1499 | D:2      | Found a shattered altar of Ashenzari.
  1521 | D:2      | Found a faded altar of an unknown god.
  1567 | D:2      | Reached XP level 5. HP: 33/33 MP: 5/5
  1657 | D:2      | Noticed Robin
  1663 | D:2      | Killed Robin
  1836 | D:2      | Found an ancient bone altar of Kikubaaqudgha.
  1946 | D:3      | Noticed Grinder
  2028 | D:3      | Found a hide-covered altar of Uskayaw.
  2183 | D:3      | Found a blossoming altar of Fedhas.
  2313 | D:3      | Reached XP level 6. HP: 39/39 MP: 6/6
  2460 | D:3      | Paralysed by Grinder for 2 turns
  2472 | D:3      | Paralysed by Grinder for 4 turns
  2481 | D:3      | Paralysed by Grinder for 6 turns
  2490 | D:3      | HP: 1/39 [Grinder/nerve-wracking pain (6)]
  2493 | D:3      | Slain by Grinder

Skill      XL: |  1  2  3  4  5  6 |
---------------+-------------------+-----
Maces & Flails | 3 4 |  4.0
Shields        | 4 |  4.4
Fighting       | 4 |  4.3
Armour         | 4 |  4.3

Action                   |  1- 3 |  4- 6 || total
-------------------------+-------+-------++-------
Melee: Flail             |   174 |   239 ||   413
  Eat: Chunk             |     1 |     5 ||     6
Armor: Scale mail        |    64 |   117 ||   181
Dodge: Dodged            |    49 |    75 ||   124
Block: Shield            |    89 |   141 ||   230
